 Dungeon Crawl Stone Soup version 0.23-a0-473-gc8aadda (webtiles) character file.

3175 mopl the Cleaver (level 9, -2/63 HPs)
             Began as a Demonspawn Fighter on Nov 27, 2018.
             Was a Believer of Makhleb.
             Slain by a big kobold
             ... wielding a +0 dagger of electrocution
              (19 damage)
             ... on level 8 of the Dungeon.
             The game lasted 00:10:22 (6788 turns).

mopl the Cleaver (Demonspawn Fighter)               Turns: 6788, Time: 00:10:23

Health: -2/63      AC: 11    Str: 19    XL:     9   Next: 63%
Magic:  6/6        EV:  5    Int: 11    God:    Makhleb [**....]
Gold:   364        SH:  9    Dex: 20    Spells: 8/8 levels left

rFire    + . .     SeeInvis .   a - +3 war axe
rCold    + . .     Gourm    .   c - +0 shield
rNeg     . . .     Faith    .   M - +0 chain mail
rPois    .         Spirit   .   (no helmet)
rElec    .         Reflect  .   E - +0 cloak
rCorr    +         Harm     .   J - +0 pair of gloves
MR       .....                  (no boots)
Stlth    ..........             (no amulet)
HPRegen  0.20/turn              w - ring of resist corrosion
MPRegen  0.10/turn              y - ring of Beauty {Wiz +Blink rC+ MP-9 Dex+8}

@: no status effects
A: hooves 2, fire resistance 1, sturdy frame 1
a: Minor Destruction, Renounce Religion, Evoke Blink


You were on level 8 of the Dungeon.
You worshipped Makhleb.
Makhleb was pleased with you.
You were not hungry.

You visited 2 branches of the dungeon, and saw 9 of its levels.

You collected 364 gold pieces.

Inventory:

Hand Weapons
 a - a +3 war axe (weapon)
Missiles
 k - 32 poisoned needles
 D - 2 throwing nets (quivered)
 N - 6 needles of sleeping
Armour
 c - a +0 shield (worn)
 E - a +0 cloak (worn)
 J - a +0 pair of gloves (worn)
 M - a +0 chain mail (worn)
Jewellery
 w - a ring of resist corrosion (left hand)
 y - the ring of Beauty (right hand) {Wiz +Blink rC+ MP-9 Dex+8}
   (You found it on level 4 of the Dungeon)

   [ring of wizardry]

   It improves your spell success rate.
   It affects your dexterity (+8).
   It protects you from cold.
   It affects your magic capacity (-9).
   It lets you blink.
 G - an uncursed ring of fire
Wands
 u - a wand of polymorph (4)
 H - a wand of acid (6)
Scrolls
 e - a scroll of blinking {unknown}
 g - 3 scrolls of amnesia
 h - 4 scrolls of remove curse
 i - 2 scrolls of enchant armour {unknown}
 p - 7 scrolls of teleportation
 q - a scroll of fog {unknown}
 r - 3 scrolls of magic mapping {unknown}
 t - 2 scrolls of noise {unknown}
 v - 2 scrolls of enchant weapon {unknown}
 x - 3 scrolls of fear {unknown}
 z - a scroll of brand weapon {unknown}
Potions
 d - 2 potions of might
 j - a potion of haste
 l - 2 potions of agility {unknown}
 m - 3 potions of flight {unknown}
 n - 3 potions of curing
 o - a potion of ambrosia
 s - 2 potions of degeneration {unknown}
 A - a potion of heal wounds
 B - a potion of lignification {!q}
 C - a potion of berserk rage {unknown}
 F - 2 potions of brilliance {unknown}
 I - a potion of magic {unknown}
 K - a potion of cancellation {unknown}
 L - a potion of invisibility
 O - a potion of mutation {unknown}
Comestibles
 b - 5 chunks of flesh
 f - 18 rations


   Skills:
 - Level 3.0 Fighting
 * Level 10.8 Axes
 - Level 2.6 Armour
 - Level 2.6 Shields
 + Level 8.9 Invocations


You had 8 spell levels left.
You didn't know any spells.
Your spell library was empty.

Dungeon Overview and Level Annotations

Branches:
Dungeon (8/15)             Temple (1/1) D:4
   Lair: D:8-11

Altars:
Ashenzari
Dithmenos
Elyvilon
Fedhas
Gozag
Kikubaaqudgha
Makhleb
Nemelex Xobeh
Okawaru
Ru
Sif Muna
Trog
Uskayaw
Wu Jian
Xom
Yredelemnul
Zin

Annotations:
D:4 3 runed doors, Lavandula's ghost, amateur NaAE
D:6 rC
D:7 3 runed doors, Vidiiot's ghost, novice DsGl


Innate Abilities, Weirdness & Mutations

You have hoof-like feet.
Your flesh is heat resistant. (rF+)
Your movements are slightly less encumbered by armour. (ER -2)


Message History

Your shield and chain mail prevent you from hitting the big kobold.
Your kick misses the big kobold.
The big kobold hits you but does no damage.
You are electrocuted!
You hit the big kobold but do no damage.
Your kick misses the big kobold.
The big kobold hits you but does no damage.
You are electrocuted!
You are too injured to fight recklessly!
You are too injured to fight recklessly!
You are too injured to fight recklessly!
You are too injured to fight recklessly!
Your shield and chain mail prevent you from hitting the big kobold.
The big kobold hits you but does no damage.
You are electrocuted!
* * * LOW HITPOINT WARNING * * *
You completely miss the big kobold. Your kick misses the big kobold.
The big kobold hits you but does no damage.
You are electrocuted!
You die...

####### .....#
..#.# #...#
#....
#..###...###
#..#....K..#
#..#.###@#
#..#..##.#
#..#..##.#.#.#
#..#.........#
#..##.##.#.###
#...)....#.#
##)#)(.....#
#)#########
#)#


You could see a big kobold.

Vanquished Creatures
  A kobold demonologist (D:8)
  A spriggan (D:7)
  A fire bat (D:8)
  2 humans (D:7)
  A hungry ghost (D:7)
  A black bear (D:6)
  A sky beast (D:7)
  3 ogres
  A centaur (D:6)
  The ghost of Amnesiac the Skirmisher, an amateur DEFi (D:3)
  3 big kobolds
  3 bullfrogs (D:6)
  4 wights (D:7)
  A howler monkey (D:6)
  A crimson imp (D:6)
  2 bullfrog zombies
  4 orc priests
  9 hounds
  3 orc wizards
  A centaur skeleton (D:3)
  Crazy Yiuf (D:4)
  A bullfrog skeleton (D:5)
  An iguana (D:5)
  4 worker ants
  A howler monkey zombie (D:7)
  3 gnolls (D:8)
  13 adders
  A shadow imp (D:5)
  An adder skeleton (D:5)
  2 worms (D:2)
  3 dart slugs
  6 leopard geckos
  14 orcs
  2 ball pythons
  5 giant cockroaches
  8 goblins
  9 hobgoblins
  6 jackals (D:2)
  A quokka (D:3)
  7 bats
  5 frilled lizards
  11 kobolds
  A quokka skeleton (D:4)
  8 rats
158 creatures vanquished.

Vanquished Creatures (others)
  A plant (D:4)
1 creature vanquished.

Grand Total: 159 creatures vanquished

Notes
Turn   | Place    | Note
-------+----------+-------------------------------------------
     0 | D:1      | mopl the Demonspawn Fighter began the quest for the Orb.
     0 | D:1      | Reached XP level 1. HP: 18/18 MP: 1/1
    82 | D:1      | Reached skill level 2 in Axes
   171 | D:1      | Gained mutation: You have large cloven feet. [demonic
                  | ancestry]
   171 | D:1      | Reached XP level 2. HP: 17/24 MP: 2/2
   493 | D:2      | Reached skill level 3 in Axes
   499 | D:2      | Reached XP level 3. HP: 20/29 MP: 3/3
   596 | D:2      | Found a bloodstained altar of Trog.
   598 | D:2      | Found an ancient bone altar of Kikubaaqudgha.
   599 | D:2      | Found a hide-covered altar of Uskayaw.
   612 | D:2      | Found a blossoming altar of Fedhas.
  1073 | D:2      | Reached XP level 4. HP: 31/35 MP: 4/4
  1078 | D:2      | Reached skill level 4 in Axes
  1554 | D:3      | Found a shattered altar of Ashenzari.
  1879 | D:3      | Gained mutation: Your movements are slightly less
                  | encumbered by armour. (ER -2) [demonic ancestry]
  1879 | D:3      | Reached XP level 5. HP: 23/41 MP: 5/5
  2081 | D:3      | Reached skill level 5 in Axes
  2388 | D:3      | Found a runed gate.
  2388 | D:3      | Found a runed gate.
  2388 | D:3      | Found a runed gate.
  2393 | D:3      | Noticed Amnesiac's ghost (amateur DEFi)
  2642 | D:4      | Found a runed gate.
  2646 | D:4      | Found a runed gate.
  2655 | D:4      | Found an opulent altar of Gozag.
  2657 | D:4      | Found a runed gate.
  2659 | D:4      | Noticed Lavandula's ghost (amateur NaAE)
  2716 | D:4      | Got a translucent lead ring
  2717 | D:4      | Identified the ring of Beauty {Wiz +Blink rC+ MP-9 Dex+8}
                  | (You found it on level 4 of the Dungeon)
  2782 | D:4      | Gained mutation: You have hoof-like feet. [demonic
                  | ancestry]
  2782 | D:4      | Reached XP level 6. HP: 14/47 MP: 0/6
  2988 | D:4      | Reached skill level 6 in Axes
  3099 | D:4      | Found a staircase to the Ecumenical Temple.
  3117 | Temple   | Entered the Ecumenical Temple
  3266 | Temple   | Became a worshipper of Makhleb the Destroyer
  3386 | D:4      | Found a runed door.
  3390 | D:4      | Noticed Crazy Yiuf
  3394 | D:4      | Killed Crazy Yiuf
  3563 | D:5      | Entered Level 5 of the Dungeon
  3566 | D:5      | Reached skill level 1 in Invocations
  3915 | D:5      | Reached skill level 2 in Invocations
  4174 | D:5      | Gained mutation: Your flesh is heat resistant. (rF+)
                  | [demonic ancestry]
  4174 | D:5      | Reached XP level 7. HP: 45/52 MP: 0/8
  4379 | D:6      | Reached skill level 7 in Axes
  4379 | D:6      | Reached skill level 3 in Invocations
  4478 | D:6      | Reached skill level 4 in Invocations
  4499 | D:6      | Reached * piety under Makhleb
  4520 | D:6      | Reached skill level 8 in Axes
  4520 | D:6      | Reached XP level 8. HP: 34/58 MP: 2/11
  5072 | D:6      | Reached skill level 5 in Invocations
  5616 | D:3      | Killed Amnesiac's ghost
  5616 | D:3      | Reached skill level 6 in Invocations
  5721 | D:7      | Found a runed gate.
  5735 | D:7      | Reached skill level 9 in Axes
  5819 | D:7      | Found a shadowy altar of Dithmenos.
  5878 | D:7      | Found an ornate altar of the Wu Jian Council.
  6070 | D:7      | Reached skill level 7 in Invocations
  6124 | D:7      | Reached XP level 9. HP: 44/63 MP: 5/14
  6219 | D:7      | Found a runed gate.
  6219 | D:7      | Found a runed gate.
  6260 | D:7      | Found an iron altar of Okawaru.
  6285 | D:7      | Reached ** piety under Makhleb
  6285 | D:7      | Reached skill level 10 in Axes
  6424 | D:7      | Found a sparkling altar of Nemelex Xobeh.
  6549 | D:7      | Noticed Vidiiot's ghost (novice DsGl)
  6594 | D:8      | Reached skill level 8 in Invocations
  6691 | D:8      | Noticed a kobold demonologist
  6705 | D:8      | a kobold demonologist changed into a fire bat
  6725 | D:8      | Noticed a kobold demonologist
  6744 | D:8      | Killed a kobold demonologist
  6788 | D:8      | Slain by a big kobold

Vault maps used:
D:1:      lightli_arrival_farm
D:2:      minmay_general_purpose_star, nicolae_overflow_quartered_altars
D:3:      first_ration, gammafunk_ghost_split, ashenzari_altar_1
D:4:      minmay_temple_entry_grid, ebering_ghost_gozag,
          lexackson_kobold_supper, uniq_crazy_yiuf_cottage
D:5:      kennysheep_generic_room_10
D:6:      lemuel_ice_spiral_2
D:7:      okawaru_humans, nicolae_dithmenos_the_darkroom, kennysheep_little_box,
          gammafunk_ghost_necromancy, chequers_serial_rivers_micro_c,
          the_bakery, nemelex_xobeh_ov_fountains_minmay
D:8:      dpeg_oklobed_lair, serial_shops, nicolae_shop_stone, uniq_maurice
Temple:   minmay_temple_curvy_branch

Skill      XL: |  1  2  3  4  5  6  7  8  9 |
---------------+----------------------------+-----
Axes           | 2 3 4 5 6 8 9 10 | 10.8
Invocations    | 2 4 7 8 |  8.9
Fighting       | |  3.0
Armour         | |  2.6
Shields        | |  2.6

Action                   |  1- 3 |  4- 6 |  7- 9 || total
-------------------------+-------+-------+-------++-------
Melee: War axe           |    76 |   193 |   258 ||   527
       Kick              |    11 |    47 |    91 ||   149
Throw: Throwing net      |       |     1 |       ||     1
Evoke: Wand              |       |       |     8 ||     8
  Use: Scroll            |     2 |     5 |     1 ||     8
       Potion            |       |     1 |       ||     1
  Eat: Chunk             |     1 |    10 |    11 ||    22
Armor: Scale mail        |    28 |    81 |    37 ||   146
       Chain mail        |       |       |    64 ||    64
Dodge: Dodged            |    12 |    58 |    42 ||   112
Block: Shield            |    36 |    84 |   109 ||   229

Table legend:
 A = Non-vault XP
 B = Vault XP
 C = Vault XP percentage of total XP
 D = Non-vault monster count
 E = Vault monster count
 F = Vault count percentage of total count
                 A         B        C        D         E       F
            +---------+---------+-------+---------+---------+-------
      Total |    3605 |     931 |  20.5 |     135 |      23 |  14.6
            +---------+---------+-------+---------+---------+-------
        D:1 |      19 |       0 |   0.0 |      11 |       0 |   0.0
        D:2 |     107 |      12 |  10.1 |      31 |       6 |  16.2
        D:3 |     116 |     129 |  52.7 |      19 |       4 |  17.4
        D:4 |     179 |     151 |  45.8 |       8 |       9 |  52.9
        D:5 |     222 |      13 |   5.5 |      12 |       1 |   7.7
        D:6 |    1162 |       0 |   0.0 |      25 |       0 |   0.0
        D:7 |     714 |     626 |  46.7 |      12 |       3 |  20.0
        D:8 |    1086 |       0 |   0.0 |      17 |       0 |   0.0
            +---------+---------+-------+---------+---------+-------
